 Dungeon Crawl Stone Soup version 0.29.1-13-g9f3cf754e1 (webtiles) character file.

Game seed: 9956831005893061045

30 Thatpatchoflichen the Shooter (level 3, -2/28 HPs)
             Began as a Human Hunter on Feb 8, 2023.
             Slain by a kobold
             ... wielding a +0 short sword
              (3 damage)
             ... on level 1 of the Dungeon.
             The game lasted 00:01:49 (553 turns).

Thatpatchoflichen the Shooter (Human Hunter)         Turns: 553, Time: 00:01:49

Health: -2/28      AC:  3    Str: 11    XL:     3   Next: 35%
Magic:  3/3        EV: 12    Int:  9    God:
Gold:   17         SH:  0    Dex: 18    Spells: 2/2 levels left

rFire   . . .      SeeInvis .   a - +0 shortbow
rCold   . . .      Faith    .   (shield currently unavailable)
rNeg    . . .      Spirit   .   c - +0 leather armour
rPois   .          Reflect  .   (no helmet)
rElec   .          Harm     .   (no cloak)
rCorr   .          Rampage  .   (no gloves)
Will    .....                   (no boots)
Stlth   ++........              (no amulet)
HPRegen 0.09/turn               (no ring)
MPRegen 0.08/turn               (no ring)

@: no status effects
A: no striking features
a: no special abilities


You were on level 1 of the Dungeon.
You visited 1 branch of the dungeon, and saw 2 of its levels.

You collected 17 gold pieces.

Inventory:

Hand Weapons
 a - a +0 shortbow (weapon)
Armour
 c - a +0 leather armour (worn)
Scrolls
 b - a scroll of immolation
 d - a scroll of butterflies {unknown}
 g - a scroll of noise {unknown}
 i - a scroll of teleportation {unknown}
 j - a scroll of amnesia {unknown}
Potions
 e - a potion of magic {unknown}
 f - a potion of lignification {unknown}
 h - a potion of degeneration {unknown}
 k - 2 potions of heal wounds {unknown}
 l - a potion of resistance {unknown}
 m - a potion of mutation {unknown}


   Skills:
 + Level 2.5 Fighting
 + Level 4.3 Ranged Weapons
 + Level 2.6 Dodging
 - Level 1.0 Stealth


You had 2 spell levels left.
You didn't know any spells.
Your spell library was empty.

Dungeon Overview and Level Annotations

Branches:
Dungeon (2/15)

Altars:


Message History

Aim: a kobold, wielding a +0 short sword (58% to hit)
You shoot an arrow. The arrow hits the kobold.
The kobold is moderately wounded.
You feel very sick. The adder barely misses you.
The kobold hits you with a +0 short sword.
The adder bites you.
Fire: a) +0 shortbow
Press: ? - help, Q - select action Shift-Dir - straight line, f - adder, p - kobold
Aim: an adder (almost dead, 48% to hit)
You shoot an arrow. The arrow hits the adder.
You kill the adder!
You feel sick. The kobold hits you but does no damage.
Fire: a) +0 shortbow
Press: ? - help, Q - select action Shift-Dir - straight line, f - kobold
Aim: a kobold, wielding a +0 short sword (moderately wounded, 58% to hit)
You shoot an arrow. The arrow closely misses the kobold.
You feel sick.
The kobold hits you with a +0 short sword.
* * * LOW HITPOINT WARNING * * *
Fire: a) +0 shortbow
Press: ? - help, Q - select action Shift-Dir - straight line, f/p - kobold
Aim: a kobold, wielding a +0 short sword (moderately wounded, 58% to hit)
You shoot an arrow.
The arrow hits the kobold but does no damage.
The kobold is moderately wounded.
* * * LOW HITPOINT WARNING * * *
You feel sick.
The kobold hits you with a +0 short sword.
* * * LOW HITPOINT WARNING * * *
The kobold hits you but does no damage.
Fire: a) +0 shortbow
Press: ? - help, Q - select action Shift-Dir - straight line, f/p - kobold
Aim: a kobold, wielding a +0 short sword (moderately wounded, 58% to hit)
You shoot an arrow. The arrow closely misses the kobold.
* * * LOW HITPOINT WARNING * * *
You feel sick.
You are no longer poisoned.
The kobold hits you with a +0 short sword.
You die...

### ##############
#.###.......#....#
#........##.#.##.#
#.###.##.##.#....#
####†###.#.....#†####
...............K@#
########.#####.#.##
#.........#....#
#..[......###..#
#.........# #..# #
##.######## #..# ##
#.# #..# .####.##
#..# .##....# ###..##


You could see a kobold.

Vanquished Creatures
  An adder (D:1)
  4 endoplasms (D:1)
  2 giant cockroaches (D:1)
  A goblin (D:1)
  2 hobgoblins (D:1)
  A quokka (D:1)
  2 ball pythons (D:1)
  2 bats
  A frilled lizard (D:1)
  A kobold (D:1)
  2 rats (D:1)
19 creatures vanquished.

Notes
Turn   | Place    | Note
-------+----------+-------------------------------------------
     0 | D:1      | Thatpatchoflichen the Human Hunter began the quest for the
                  | Orb.
     0 | D:1      | Reached XP level 1. HP: 16/16 MP: 1/1
   262 | D:1      | Reached XP level 2. HP: 22/22 MP: 2/2
   292 | D:1      | Found a faded altar of an unknown god.
   544 | D:2      | Reached XP level 3. HP: 28/28 MP: 3/3
   553 | D:1      | HP: 1/28 [poisoned by an adder]
   553 | D:1      | Slain by a kobold

Illustrated notes

Levels and vault maps discovered:
D:1:      onia_arrival_pyramid, layout_basic, basic_ecumenical_altar
D:2:      layout_loops_ring, chequers_serial_rivers_micro_d,
          minmay_misc_feat_doors, minmay_hexomino_c4

Action                   || total
-------------------------++-------
 Fire: Shortbow          ||    46
Armor: Leather armour    ||     6
Dodge: Dodged            ||     8
